Cogmind - Beta 13 @@@ ROGUE MODE // 2024.04.26 @ 14:46:14 Player: graour Result: Destroyed by as-41678 with Assembled Heavy Rifle Performance ------------- Evolutions (0) 0 Regions Visited (2) 400 Robots Destroyed (12) 60 Value Destroyed (174) 174 Prototype IDs (0) 0 Alien Tech Used (0) 0 Bonus (0) 0 TOTAL SCORE: 634 Bonus ------- None Cogmind --------- Core Integrity 0/250 Matter 266/300 Energy 100/100 System Corruption 9% Temperature Cool (0) Movement Core (50) Location -10/Mines Parts ------- > --- POWER (1) -------- (None) > --- PROPULSION (2) --- (None) > --- UTILITY (2) ------ Structural Scanner > --- WEAPON (2) ------- Light Assault Rifle Light Assault Rifle > --- INVENTORY (5) ---- Hacking Suite Small Laser Hammer Peak State ------------ > --- POWER ------------ (None) > --- PROPULSION ------- (None) > --- UTILITY ---------- Structural Scanner Signal Interpreter > --- WEAPON ----------- Small Laser Light Assault Rifle > --- INVENTORY -------- Small Laser Light Assault Rifle [Rating: 4] Favorites ----------- Power None Propulsion None Utility Signal Interpreter Device Structural Scanner Processor Signal Interpreter Weapon Light Assault Rifle Energy Gun Small Laser Ballistic Gun Light Assault Rifle Build | -11 -10 -10 ------- Run | Yrd Mat Min Slots Evolved . | . . . Power . | . . . Propulsion . | . . . Utility . | . . . Weapon . | . . . Parts Attached 9 | 2 5 2 Power . | . . . Engine . | . . . Core . | . . . Reactor . | . . . Propulsion . | . . . Treads . | . . . Leg . | . . . Wheel . | . . . Hover . | . . . Flight . | . . . Utility 2 | . 2 . Device 1 | . 1 . Storage . | . . . Processor 1 | . 1 . Hackware . | . . . Protection . | . . . Artifact . | . . . Weapon 7 | 2 3 2 Energy Gun 1 | 1 . . Energy Cannon . | . . . Ballistic Gun 6 | 1 3 2 Ballistic Cannon . | . . . Launcher . | . . . Special Weapon . | . . . Impact Weapon . | . . . Slashing Weapon . | . . . Piercing Weapon . | . . . Special Melee Weapon . | . . . Unidentified Prototypes . | . . . Parts Lost 3 | . . 3 Power . | . . . Propulsion . | . . . Utility 1 | . . 1 Weapon 2 | . . 2 Highest Loss Streak 3 | . . 3 To Critical Strikes . | . . . Average Slot Usage (%) 53 | . 51 56 Device 12 | . 10 14 Processor 12 | . 12 13 Energy Gun 3 | . 6 . Ballistic Gun 24 | . 21 28 Naked Turns . | . . . Heaviest Build 3 | 2 3 3 Greatest Support 3 | 3 3 3 Greatest Overweight (x) . | . . . Average Overweight (x) . | . . . Largest Inventory Capacity 5 | 5 5 5 Average Capacity 5 | 5 5 5 Most Carried 5 | 1 5 5 Average Carried 4 | . 3 4 Final Capacity 5 | 5 5 5 Final Carried 5 | 1 5 3 Class Distribution -------------------- 100% | Mutant Dominant Class ---------------- Mutant | -10/Materials Mutant | -10/Mines Resources | -11 -10 -10 ----------- Run | Yrd Mat Min Matter Collected 339 | 213 122 4 Remotely . | . . . Salvage Created 271 | . 251 20 Parts 21 | . 21 . Haulers Intercepted . | . . . Recyclers Shooed . | . . . Parts Field Recycled . | . . . Retrieved Matter . | . . . Parts Self-Destructed . | . . . Prevented . | . . . Kills | -11 -10 -10 ------- Run | Yrd Mat Min Combat Hostiles Destroyed 14 | . 11 3 Guns 14 | . 11 3 Classes Destroyed 4 | . 3 1 Operator 1 | . 1 . Swarmer 9 | . 9 . Grunt 2 | . 2 . Assembled 3 | . . 3 Best Kill Streak 4 | . 4 3 Combat Bots Only 4 | . 4 3 Max Kills in Single Turn 1 | . 1 1 Gunslinging . | . . . Exploded . | . . . Melee . | . . . Uniques/NPCs Destroyed . | . . . Combat | -11 -10 -10 -------- Run | Yrd Mat Min Hostile Shots Fired 79 | . 59 20 Missed 23 | . 16 7 Damage Taken 557 | . 337 220 Core 252 | . 156 96 Absorbed by Shields . | . . . Core Remaining (%) 100 | 100 . . Volleys Fired 60 | . 43 17 Largest 2 | . 2 2 Hottest 60 | . 60 40 Shots Fired 119 | . 86 33 Gun 119 | . 86 33 Cannon . | . . . Launcher . | . . . Special . | . . . Kinetic 98 | . 65 33 Thermal 21 | . 21 . Explosive . | . . . Electromagnetic . | . . . Robot Hit Streak 8 | . 6 8 Robot Miss Streak 4 | . 3 4 Penetration Max . | . . . Secondary Targets 3 | . 2 1 Max Gunslinging Chain 1 | . 1 1 Shots Hit Robots 75 | . 54 21 Core Hits 31 | . 20 11 Critical Kills . | . . . Critical Parts Destroyed . | . . . Critical Strikes . | . . . Melee Attacks . | . . . Impact . | . . . Slashing . | . . . Piercing . | . . . Sneak Attacks . | . . . Combat Hostiles . | . . . Follow-up Attacks . | . . . Damage Inflicted 637 | . 469 168 Guns 637 | . 469 168 Cannons . | . . . Explosions . | . . . Melee . | . . . Ramming . | . . . Kinetic 496 | . 328 168 Thermal 141 | . 141 . Explosive . | . . . Electromagnetic . | . . . Impact . | . . . Slashing . | . . . Piercing . | . . . Highest Corruption 9 | . . 9 Average Corruption 9 | . . 9 Corruption Purged . | . . . Corruption Blocked . | . . . Overload Shots . | . . . Overflow Damage . | . . . Projectiles . | . . . Explosions . | . . . Melee . | . . . Knockbacks . | . . . Impact . | . . . Kinetic . | . . . Secondary . | . . . Self-Inflicted Damage . | . . . Shots . | . . . Rammed . | . . . Targets Rammed . | . . . Kicked . | . . . Crushed . | . . . Highest Temperature 20 | . 20 15 Average Temperature 9 | . 9 10 Received Heat Transfer 38 | . 18 20 Siege Activations . | . . . Robots Corrupted . | . . . Combat Hostiles . | . . . Parts Fried . | . . . Impact Corruptions . | . . . Robots Melted . | . . . Combat Hostiles . | . . . Parts Melted 3 | . 3 . Heat Transferred 325 | . 325 . Parts Sabotaged . | . . . Parts Stolen . | . . . Parts Stripped . | . . . Power Chain Reactions . | . . . Alert | -11 -10 -10 ------- Run | Yrd Mat Min Peak Influence 361 | . 361 185 Initial 140 | . . 140 Average 179 | . 203 166 Maximum Alert Level 1 | . 1 . Low Security (%) 71 | 100 43 100 Level 1 28 | . 56 . Level 2 . | . . . Level 3 . | . . . Level 4 . | . . . Level 5 . | . . . High Security . | . . . Max Security . | . . . Squads Dispatched 1 | . 1 . Investigation . | . . . Extermination . | . . . Reinforcement 1 | . 1 . Assault . | . . . Garrison . | . . . Intercept . | . . . Searches Triggered . | . . . Construction Impeded . | . . . Haulers Reinforced . | . . . Active Scanning Responses . | . . . Cargo Convoy Interrupts . | . . . Stealth | -11 -10 -10 --------- Run | Yrd Mat Min Distress Signals . | . . . Communications Jammed . | . . . Distress Signals . | . . . Times Spotted 26 | . 21 5 Peak Tracking Total 3 | . 3 3 Tactical Retreats 3 | . 2 1 Traps | -11 -10 -10 ------- Run | Yrd Mat Min Traps Triggered . | . . . Indirectly . | . . . Trap Hack Attempts . | . . . Triggered . | . . . Disarmed . | . . . Reprogrammed . | . . . Reused . | . . . Traps Extracted . | . . . Installed . | . . . Triggered . | . . . Machines | -11 -10 -10 ---------- Run | Yrd Mat Min Machines Disabled . | . . . Max in Single Turn . | . . . Machines Repaired . | . . . Machines Dismantled . | . . . Machines Sabotaged . | . . . Overloaded Fab Kills . | . . . Hacking | -11 -10 -10 --------- Run | Yrd Mat Min Machines Accessed 1 | . 1 . Terminals 1 | . 1 . Fabricators . | . . . Repair Stations . | . . . Recycling Units . | . . . Scanalyzers . | . . . Garrison Access . | . . . Total Hacks 2 | . 2 . Successful 1 | . 1 . Failed 1 | . 1 . Catastrophic . | . . . Database Lockouts . | . . . Manual 2 | . 2 . Terminals 2 | . 2 . Fabricators . | . . . Repair Stations . | . . . Recycling Units . | . . . Scanalyzers . | . . . Garrison Access . | . . . Terminal Hacks . | . . . Fabricator Hacks . | . . . Repair Station Hacks . | . . . Recycling Unit Hacks . | . . . Scanalyzer . | . . . Garrison Access Hacks . | . . . Unauthorized Hacks 1 | . 1 . Terminals 1 | . 1 . Operators 1 | . 1 . Fabricators . | . . . Repair Stations . | . . . Recycling Units . | . . . Scanalyzers . | . . . Garrison Access . | . . . Data Cores Recovered . | . . . Used . | . . . Hacking Detections 1 | . 1 . Full Trace Events . | . . . Feedback Events . | . . . Feedback Blocked . | . . . Robot Schematics Acquired . | . . . Robots Built . | . . . Authchips . | . . . Time . | . . . Total Robot Build Rating . | . . . Part Schematics Acquired . | . . . Parts Built . | . . . Authchips . | . . . Time . | . . . Total Part Build Rating . | . . . Parts Repaired . | . . . Time . | . . . Parts Recycled . | . . . Recycled Matter . | . . . Retrieved Matter . | . . . Retrieved Components . | . . . Parts Scanalyzed . | . . . Part Schematics Acquired . | . . . Parts Damaged . | . . . Bothacking | -11 -10 -10 ------------ Run | Yrd Mat Min Used RIF Installer . | . . . Robots Hacked . | . . . Non-combat . | . . . Combat . | . . . Robot Hacks Applied . | . . . Relay Couplers Released . | . . . Fabnet Peak Effective % . | . . . Robots Rewired . | . . . Allies Hacked . | . . . Hacks Repelled . | . . . Allies | -11 -10 -10 -------- Run | Yrd Mat Min Total Allies . | . . . Largest Group . | . . . Highest-Rated Group . | . . . Highest-Rated Ally . | . . . Total Orders . | . . . Ally Attacks . | . . . Total Damage . | . . . Kills . | . . . Allies Corrupted . | . . . Allies Melted . | . . . Intel | -11 -10 -10 ------- Run | Yrd Mat Min Robot Analysis Total . | . . . Derelict Logs Recovered . | . . . Drone Launches . | . . . Drone Recoveries . | . . . Exploration | -11 -10 -10 ------------- Run | Yrd Mat Min Turns Passed 710 | 26 364 320 Spaces Moved 635 | 44 397 194 Core 635 | 44 397 194 Treads . | . . . Legs . | . . . Wheels . | . . . Hover . | . . . Flight . | . . . Fastest Speed 50 | 50 50 50 Average Speed 50 | 50 50 50 Slowest Speed 50 | 50 50 50 Overloaded Moves . | . . . Propulsion Burnouts . | . . . Robots Hopped . | . . . Cave-ins Triggered . | . . . Exploration Rate (%) 27 | 3 53 25 Regions Visited 2 Branch Regions 1 Pre-discovered Areas . | . . . Known Exits Taken 1 | . 1 . Unknown Exits Taken 1 | 1 . . Scrap Searched . | . . . Spaces Dug . | . . . Terrain Destroyed . | . . . Melee . | . . . Projectile . | . . . AOE . | . . . Terrain Rammed . | . . . Walls Destroyed . | . . . Machines Disabled . | . . . Actions | -11 -10 -10 --------- Run | Yrd Mat Min Total 925 | 46 487 392 Wait 218 | . 39 179 Move 633 | 43 396 194 Hop . | . . . Pick Up 3 | 1 2 . Fast Attach 5 | 2 3 . Attach 2 | . . 2 Detach 1 | . 1 . Swap 2 | . 2 . Drop 1 | . 1 . Fire 60 | . 43 17 Melee . | . . . Ram . | . . . Kick . | . . . Crush . | . . . Escape Stasis . | . . . Rewire . | . . . Trap . | . . . Miscellaneous . | . . . Route ------- -11/Scrapyard -10/Materials (discovered 3 exits: *Mat x2 / *Min) -10/Mines (discovered 1 exit: *Mat) History --------- Turn | Location | Event 7 | -11/Scrapyard | Discovered new exit (range 15) 27 | -11/Scrapyard | Entered Materials 90 | -10/Materials | Discovered new exit (range 12) 138 | -10/Materials | Discovered new exit (range 15) 269 | -10/Materials | Core integrity fell below 50% 307 | -10/Materials | Build established: Mutant 329 | -10/Materials | Identified exit to Materials 367 | -10/Materials | Discovered exit to Materials (range 4) 391 | -10/Materials | Identified exit to Mines 391 | -10/Materials | Entered Mines 420 | -10/Mines | Discovered exit to Materials (range 9) 425 | -10/Mines | Assembled infested the area 698 | -10/Mines | Core integrity fell below 20% 711 | -10/Mines | Destroyed by as-41678 with Assembled Heavy Rifle Last Messages --------------- 00391_ EXIT=IDENTIFIED: MINES LOCATION=MINES GOAL=ESCAPE 00408_ K-01 Serf collects debris. 00420_ EXIT=FOUND: MATERIALS 00425_ ALERT: Infestation in the mines, dispatching Demolisher response squad. 00432_ T-07 Excavator destroyed. 00458_ K-01 Serf collects debris. 00669_ as-48291 suffers critical hit (Destroy). 00683_ Lgt. Assault Rifle destroyed. 00685_ as-49507 destroyed. 00688_ Acquired 4 matter. 00699_ as-72063 destroyed. 00704_ Signal Interpreter destroyed. 00704_ Lgt. Assault Rifle destroyed. 00704_ System corrupted by crushing effect (+4). 00704_ System corrupted by crushing effect (+5). 00708_ as-91006 destroyed. 00708_ Switching to secondary target: as-41678. Map ----- +----------------------------------------------------+ | ??## =!%!! # ### ## ##??????????????????? | | ??## """ # ## ###??????????????????? | | ??## """ % ###???????????????????? | | ??## """ % ###????????????????????? | | ??## # ## ###?????????????????????? | | ??########## ### * ####?????????????????????? | | ??########## #### =%###??????????????????????? | | ??????????## #### ###??????????????????????? | | ??????????## #### ###?????????????????????? | | ??????????## #### ####???????????????????? | | ??????????## #### ###???????????????????? | | ??????????## #### ???????????????????? | | ????????#### #### ???????????????????? | | ????????####%#### #???????????????????? | | ????????## *### ##???????????????????? | | ????????## ##### %!! ???????????????????? | | ???????### ###### !%=% ????????????????????? | | ???????### ####### %!*######## ???? #??????? | | ??????### ######## =%%######## " ##??????? | | ??????### #### ##### !% ###??????? | | ??????## ## #### ######### ??###???????? | | ??????## ####a ######### ????????????? | | ??????## ####! ##????????????????????? | | ??????### ###%|##????????????????????? | | ??????#### < %!!*##????????????????????? | | ???????#### @ ##????????????????????? | | ????????##################????????????????????? | | ?????????#################????????????????????? | | ??????????????????????????????????????????????? | | ??????????????????????????????????????????????? | | | | | | | | | | | | | | | | | | | | | | | | | | | | | | | | | | | | | | | | | +----------------------------------------------------+ Best States ------------- Heat Dissipation 25 Energy Generation 5 Energy Capacity 100 Matter Stores 300 Matter Capacity 300 Sight Range 16 Terrain Scan Density 10 Evasion (%) 50 Item Schematics ----------------- None Robot Schematics ------------------ None Fabricated ------------ Nothing Alien Tech Used ----------------- None Achievements -------------- None Challenges ------------ None Game ------ Seed AbsorptionStasisTendrils Manual? 0 Play Time 00:08:40 Cumulative 48.0 hours Start 2024.04.26 @ 14:39:47 End 2024.04.26 @ 14:46:14 Sessions 1 Manual Loads 0 Difficulty Rogue Special Mode None Game No. 72 Rogue 72 Adventurer 0 Explorer 0 Win Type - Total 0 Types 0/0/0/0/0/0/0/0/0 Lore% 44 Gallery% 49 Achievement% 33 Wizard Run 0 Options --------- Layout 1 ASCII 0 Keyboard 1 Movement Arrows Keybinds 0 Fullscreen 2 Font 24/Smallcaps Map View 50x35 Zoom Use 0% Tactical HUD 1 Map Filters NONE Filters NONE Steam 1 RUN: 7d6f8128-abde-4721-a0e8-1dc93138f9a7